 Dungeon Crawl Stone Soup version 0.28-a0-664-gc179e30c89 (webtiles) character file.

Game seed: 13269675148172904672

77 KristoblXynda the Cutter (level 4, -5/28 HPs)
             Began as a Kobold Gladiator on Oct 16, 2021.
             Slain by an orc (16 damage)
             ... on level 3 of the Dungeon.
             The game lasted 00:02:18 (2468 turns).

KristoblXynda the Cutter (Kobold Gladiator)         Turns: 2468, Time: 00:02:19

Health: -5/28      AC:  4    Str: 12    XL:     4   Next: 60%
Magic:  4/4        EV: 15    Int:  9    God:
Gold:   144        SH:  0    Dex: 16    Spells: 3/3 levels left

rFire   . . .      SeeInvis .   a - +0 rapier
rCold   . . .      Faith    .   (shield restricted)
rNeg    . . .      Spirit   .   b - +0 leather armour
rPois   .          Reflect  .   c - +0 helmet
rElec   .          Harm     .   (no cloak)
rCorr   .          Rampage  .   (no gloves)
Will    .....                   (no boots)
Stlth   +++.......              (no amulet)
HPRegen 0.09/turn               (no ring)
MPRegen 0.09/turn               (no ring)

@: no status effects
A: small, no large weapons, nightstalker 3
a: no special abilities


You were on level 3 of the Dungeon.
You visited 1 branch of the dungeon, and saw 3 of its levels.

You collected 144 gold pieces.

Inventory:

Hand Weapons
 a - a +0 rapier (weapon)
Missiles
 d - 3 throwing nets (quivered)
Armour
 b - a +0 leather armour (worn)
 c - a +0 helmet (worn)
Scrolls
 e - a scroll of identify {unknown}
 j - a scroll of immolation {unknown}
Potions
 f - a potion of attraction {unknown}
 g - a potion of mutation {unknown}
 h - a potion of lignification {unknown}
 i - 2 potions of curing {unknown}


   Skills:
 + Level 3.1 Fighting
 + Level 4.7 Short Blades
 - Level 2.1 Throwing
 + Level 4.3 Dodging
 + Level 2.7 Stealth


You had 3 spell levels left.
You didn't know any spells.
Your spell library contained the following spells:

 Spells                   Type           Power      Damage    Failure   Level
 Freeze                   Ice            0%         1d3       45%         1
 Sting                    Tmut/Pois      0%         1d3       45%         1
 Corpse Rot               Necr/Air       N/A        N/A       61%         2
 Poisonous Vapours        Pois/Air       0%         N/A       61%         2
 Ozocubu's Armour         Ice            0%         N/A       83%         3
 Summon Guardian Golem    Hex/Summ       0%         N/A       83%         3
 Olgreb's Toxic Radiance  Pois           0%         N/A       99%         4
 Orb of Destruction       Conj           0%         N/A       100%        7
 Ozocubu's Refrigeration  Ice            0%         4d5       100%        7
 Spellforged Servitor     Conj/Summ      0%         N/A       100%        7


Dungeon Overview and Level Annotations

Branches:
Dungeon (3/15)

Altars:
Ashenzari
Makhleb
Sif Muna
Trog

Shops:
D:1 [[


Innate Abilities, Weirdness & Mutations

You are small and have problems with some larger weapons.
You are completely attuned to the shadows.


Message History

An orc wizard comes into view. It is wielding a +0 dagger.
An orc wizard is nearby!
An orc wizard is nearby!
An orc comes into view.
It is wielding a +1 dagger of electrocution.
An orc comes into view. It is wielding a +0 flail.
The orc shouts!
The orc wizard points at you and mumbles some strange words.
The magic dart hits you.
You hit the orc wizard but do no damage.
The orc wizard hits you but does no damage.
You miss the orc wizard. The orc misses you.
You completely miss the orc wizard. The orc wizard closely misses you.
The orc barely misses you. The orc closely misses you.
You closely miss the orc wizard.
The orc wizard hits you but does no damage.
The orc misses you. The orc closely misses you.
You barely miss the orc wizard.
The orc wizard hits you with a +0 dagger.
The orc barely misses you. The orc closely misses you.
You barely miss the orc wizard. The orc wizard barely misses you.
The orc hits you with a +0 flail. The orc barely misses you.
You barely miss the orc wizard. The orc wizard misses you.
The orc closely misses you.
The orc hits you with a +1 dagger of electrocution.
You are too injured to fight recklessly!
You are too injured to fight recklessly!
You are too injured to fight recklessly!
You are too injured to fight recklessly!
You are too injured to fight recklessly!
You are too injured to fight recklessly!
Unknown command.
The orc misses you. The orc completely misses you.
The orc hits you but does no damage.
The orc throws a boomerang.
The boomerang barely misses you. The orc barely misses you.
You barely miss the orc.
The orc hits you with a +1 dagger of electrocution.
You are electrocuted!
Ouch! That really hurt!
You die...

#.####........#####..#
#.....#.......#...#..+
#.#...+..._...+...'..#
#.#...#.......#...#..#.#
#.#.###.."....#####..#.#
#....#.....o...#.......#
###..#⌠..#+o#.⌠#.....#.#
##.###....o###.......#
#....#...#@.........#
######...#...#....).....#
#........#..##.########## #
#.######.......# #.#≈≈≈≈≈.
#.#...... .......# #.#≈≈≈≈≈≈
#.#...... .#...#########.#≈≈≈≈≈≈
#........ ...............#.≈≈≈≈≈
#...#######################.≈..≈.
#...#.......................#####


You could see an orc wizard and 2 orcs.

Vanquished Creatures
  A gnoll (D:3)
  An adder (D:2)
  A white imp (D:3)
  2 orcs
  A bat (D:1)
  8 endoplasms
  2 giant cockroaches
  4 goblins
  3 hobgoblins
  2 jackals (D:1)
  3 kobolds
  4 quokkas
  4 ball pythons
  4 frilled lizards
  5 rats
45 creatures vanquished.

Notes
Turn   | Place    | Note
-------+----------+-------------------------------------------
     0 | D:1      | KristoblXynda the Kobold Gladiator began the quest for the
                  | Orb.
     0 | D:1      | Reached XP level 1. HP: 12/12 MP: 1/1
   255 | D:1      | Reached skill level 1 in Stealth
   255 | D:1      | Reached XP level 2. HP: 18/18 MP: 2/2
   273 | D:1      | Found Libb's Antique Armour Emporium.
   447 | D:1      | Reached XP level 3. HP: 22/22 MP: 3/3
   639 | D:1      | Found Pyeqael's Antique Armour Shoppe.
  1228 | D:2      | Reached XP level 4. HP: 12/27 MP: 4/4
  2017 | D:3      | Found a burning altar of Makhleb.
  2115 | D:3      | Found a bloodstained altar of Trog.
  2307 | D:3      | Found a shimmering blue altar of Sif Muna.
  2311 | D:3      | Got Sif Muna's Catalogue of the Snowflakes
  2448 | D:3      | Found a broken altar of Ashenzari.
  2468 | D:3      | Slain by an orc

Illustrated notes

Levels and vault maps discovered:
D:1:      heliophobic_arrival_battle_scene, layout_basic, serial_shops,
          nicolae_lakefront_shop, shop
D:2:      layout_loops_cross, minmay_fountain_box,
          chequers_serial_rivers_large_b, st_stairs_2, roderic_roman_lattice,
          minmay_tetromino_i4
D:3:      minmay_goblin_kobold_castle, layout_basic, bloody_makhleb,
          evilmike_ruin_ashenzari, nzn_overflow_gifts_of_might_and_magic,
          ebering_ecumenical_altar_petrified, serial_shops, shop_statue,
          chequers_serial_rivers_large_a, uniq_grinder

Skill      XL: |  1  2  3  4 |
---------------+-------------+-----
Stealth        | 1 2 |  2.7
Dodging        | 4 |  4.3
Fighting       | 3 |  3.1
Short Blades   | |  4.7
Throwing       | |  2.1

Action                   |  1- 3 |  4- 6 || total
-------------------------+-------+-------++-------
Melee: Rapier            |    79 |    39 ||   118
 Stab: Sleeping          |    16 |     4 ||    20
Armor: Leather armour    |    12 |     8 ||    20
Dodge: Dodged            |    53 |    34 ||    87

Table legend: (Time is in decaauts)
 A = Elapsed time spent in this place.
 B = Non-inter-level travel time spent in this place.
 C = Inter-level travel time spent in this place.
 D = Time resting spent in this place.
 E = Time spent auto-exploring this place.
 F = Levels seen in this place.
 G = Mean time per level.
                   A        B        C        D        E       F      G
               +--------+--------+--------+--------+--------+-----+--------+
         Total |   2523 |   2460 |     63 |    385 |   1775 |   3 |  841.0 |
       Dungeon |   2523 |   2460 |     63 |    385 |   1775 |   3 |  841.0 |
               +--------+--------+--------+--------+--------+-----+--------+

Top non-repeatable levels by time:
     D:2: 1193 daAuts
     D:1: 811 daAuts
     D:3: 518 daAuts
